 Dungeon Crawl Stone Soup version 0.26-a0-1213-gd52f5182fe (webtiles) character file.

Game seed: 8091801943727761757

234 Anon1729 the Archer (level 5, -9/29 HPs)
             Began as a Deep Elf Hunter on Dec 30, 2020.
             Killed by nerve-wracking pain
             ... invoked by Grinder
              (14 damage)
             ... on level 3 of the Dungeon.
             The game lasted 00:02:18 (2670 turns).

Anon1729 the Archer (Deep Elf Hunter)               Turns: 2670, Time: 00:02:19

Health: -9/29      AC:  4    Str: 10    XL:     5   Next: 75%
Magic:  7/7        EV: 12    Int: 16    God:
Gold:   103        SH:  0    Dex: 15    Spells: 4/4 levels left

rFire    . . .     SeeInvis .   a - +1 shortbow
rCold    . . .     Faith    .   (shield currently unavailable)
rNeg     . . .     Spirit   .   c - +0 leather armour
rPois    .         Reflect  .   (no helmet)
rElec    .         Harm     .   (no cloak)
rCorr    .         Rampage  .   k - +0 pair of gloves
Will     .....                  (no boots)
Stlth    ++........             (no amulet)
HPRegen  0.09/turn              (no ring)
MPRegen  0.10/turn              (no ring)

@: no status effects
A: no striking features
a: no special abilities


You were on level 3 of the Dungeon.
You visited 1 branch of the dungeon, and saw 3 of its levels.

You collected 103 gold pieces.

Inventory:

Hand Weapons
 a - a +1 shortbow (weapon)
 b - a +0 short sword
Missiles
 d - 16 arrows (quivered ammo)
 i - 7 atropa-tipped darts
Armour
 c - a +0 leather armour (worn)
 k - a +0 pair of gloves (worn)
Jewellery
 l - an uncursed ring of magical power {unknown}
 t - an uncursed ring of wizardry {unknown}
Wands
 r - a wand of digging (6)
Scrolls
 e - 4 scrolls of identify {unknown}
 f - 2 scrolls of teleportation {unknown}
 h - a scroll of immolation {unknown}
 m - 3 scrolls of blinking {unknown}
 n - 4 scrolls of remove curse {unknown}
 o - a scroll of random uselessness {unknown}
 q - a scroll of fog {unknown}
Potions
 g - a potion of attraction {unknown}
 j - 3 potions of curing {unknown}
 p - a potion of heal wounds {unknown}
 s - a potion of magic {unknown}


   Skills:
 - Level 1.5 Fighting
 + Level 9.3 Bows
 - Level 2.4 Dodging
 - Level 1.2 Stealth


You had 4 spell levels left.
You didn't know any spells.
Your spell library contained the following spells:

 Spells                   Type           Power        Failure   Level
 Confusing Touch          Hex            0%           71%         3
 Gell's Gravitas          Tloc           0%           71%         3
 Petrify                  Tmut/Erth      0%           98%         4
 Metabolic Englaciation   Hex/Ice        0%           100%        5
 Yara's Violent Unravell  Hex/Tmut       0%           100%        5


Dungeon Overview and Level Annotations

Branches:
Dungeon (3/15)

Altars:

Annotations:
D:3 Grinder


Message History

You suddenly lose the ability to move!
Grinder blinks!
Grinder hits you.
You writhe in agony.
Grinder hits you.
You writhe in agony.
Grinder gestures at you. Pain shoots through your body!
* * * LOW HITPOINT WARNING * * *
Grinder hits you but does no damage.
Grinder blinks!
You can move again.
Evoke which item? (* to show all) (? for menu, Esc to quit)
Okay, then.
Evoke which item? (* to show all) (? for menu, Esc to quit)
Aiming: Dig
Press: ? - help, Shift-Dir - straight line, p - Grinder A rock wall.
The rock shatters into small pieces.
Grinder gestures at you. Pain shoots through your body!
You die...

####..)...###########(##
..........# #........#
#####.....# #........#
.....#'#### #........#
####.#.#
#........#######
.######.#.#
#........'......
..........#
##........#######
######.###
##<............... #.#
##@################
#.#######.## #........##
########5# #.#
.((.......# (.........#
(.........# #######+#.#


You could see Grinder.

Vanquished Creatures
  A scorpion (D:3)
  An orc priest (D:3)
  Jessica (D:3)
  A worker ant (D:2)
  4 adders
  A gnoll (D:1)
  2 worms (D:3)
  3 dart slugs (D:1)
  5 orcs (D:3)
  3 giant cockroaches
  5 goblins
  6 hobgoblins
  2 jackals (D:1)
  5 kobolds
  2 quokkas (D:3)
  A bat (D:3)
  3 frilled lizards
  5 rats
51 creatures vanquished.

Notes
Turn   | Place    | Note
-------+----------+-------------------------------------------
     0 | D:1      | Anon1729 the Deep Elf Hunter began the quest for the Orb.
     0 | D:1      | Reached XP level 1. HP: 12/12 MP: 3/3
   160 | D:1      | Reached skill level 6 in Bows
   160 | D:1      | Reached XP level 2. HP: 13/16 MP: 4/4
   434 | D:1      | Reached XP level 3. HP: 20/20 MP: 5/5
   778 | D:2      | Reached skill level 7 in Bows
   874 | D:2      | Reached XP level 4. HP: 21/25 MP: 6/6
  1580 | D:3      | Reached skill level 8 in Bows
  1702 | D:3      | Reached XP level 5. HP: 10/29 MP: 7/7
  1726 | D:3      | HP: 1/29 [poisoned by a scorpion]
  2182 | D:3      | Reached skill level 9 in Bows
  2617 | D:3      | Noticed Jessica
  2625 | D:3      | Killed Jessica
  2654 | D:3      | Noticed Grinder
  2658 | D:3      | Paralysed by Grinder for 7 turns
  2670 | D:3      | Killed from afar by Grinder

Illustrated notes

Levels and vault maps discovered:
D:1:      dpeg_arrival_yet_another_circle, layout_basic
D:2:      layout_rooms
D:3:      layout_basic, kennysheep_generic_room_9, uniq_jessica, uniq_robin,
          uniq_natasha, uniq_grinder

Skill      XL: |  1  2  3  4  5 |
---------------+----------------+-----
Bows           | 6 7 8 9 |  9.3
Fighting       | |  1.5
Dodging        | |  2.4
Stealth        | |  1.2

Action                   |  1- 3 |  4- 6 || total
-------------------------+-------+-------++-------
 Fire: Shortbow          |    75 |    98 ||   173
Evoke: Wand              |       |     1 ||     1
Armor: Leather armour    |     4 |     6 ||    10
Dodge: Dodged            |    13 |     3 ||    16

Table legend: (Time is in decaauts)
 A = Elapsed time spent in this place.
 B = Non-inter-level travel time spent in this place.
 C = Inter-level travel time spent in this place.
 D = Time resting spent in this place.
 E = Time spent auto-exploring this place.
 F = Levels seen in this place.
 G = Mean time per level.
                   A        B        C        D        E       F      G
               +--------+--------+--------+--------+--------+-----+--------+
         Total |   2657 |   2594 |     63 |    330 |   1945 |   3 |  885.7 |
       Dungeon |   2657 |   2594 |     63 |    330 |   1945 |   3 |  885.7 |
               +--------+--------+--------+--------+--------+-----+--------+

Top non-repeatable levels by time:
     D:3: 1096 daAuts
     D:2: 795 daAuts
     D:1: 766 daAuts
